AoeStats
← 化劲省二

MegaRandom

506435983Analyzed
1v1 RM · 20d ago on Sep 13, 2026· 23m 58s· 2 players
Game mode
Random Map
Map size
Tiny (2 player)
Population
200
Speed
Normal
Resources
Standard
Victory
Conquest
Starting age
Dark Age
Ending age
Imperial Age
RankedLock teamsTeams togetherTeam positionsShared explorationLock speedFull tech treeHidden civsTurbo modeCheats
Victory
Defeat
🇨🇳 Khitans · China
1177
+16
🇵🇹 Teutons · Portugal
1183
-16
化劲省二
3:18 Loom
11:05 Feudal Age
11:33 Double-Bit Axe
12:28 Wheelbarrow
11:35 Domestication
14:44 Gold Mining
15:26 Forging
15:27 Town Watch
17:03 Scale Barding Armor
22:14 Castle Age
23:08 Bow Saw
23:01 Pastoralism
22:40 Light Cavalry
25:04 Iron Casting
Tlitado
6:42 Loom
9:23 Feudal Age
10:46 Bloodlines
12:35 Bloodlines
16:36 Double-Bit Axe
20:56 Castle Age
Connection lost

Rejoining the realm…

Still unreachable

The connection could not be restored.

Session expired

The server has moved on; the page needs a fresh start.